 Dungeon Crawl Stone Soup version 0.18.1-50-g88ac8fd (webtiles) character file.

29796 Nordron the Martial Artist (level 13, -1/114 HPs)
             Began as a Naga Transmuter on Sept 23, 2016.
             Was the Champion of Cheibriados.
             Slain by a snapping turtle (12 damage)
             ... on level 1 of the Shoals.
             The game lasted 02:47:32 (17083 turns).

Nordron the Martial Artist (Naga Transmuter)       Turns: 17083, Time: 02:47:33

Health: -1/114     AC: 13    Str: 35    XL:     13   Next: 47%
Magic:  27/30      EV: 26    Int: 29    God:    Cheibriados [******]
Gold:   1414       SH:  0    Dex: 30    Spells: 3 memorised, 16 levels left

rFire  . . .     SeeInvis +       - Unarmed
rCold  . . .     Gourm    +     Q - +1 ring mail
rNeg   . . .     Faith    .     (shield currently unavailable)
rPois  +         Spirit   .     M - +2 hat
rElec  .         Dismiss  .     i - +1 cloak of Oguas {Str+2}
rCorr  .         Reflect  .     (gloves currently unavailable)
SustAt .         Harm     .     (no barding)
MR     +....     Rnd*Rage +     S - amulet of the Lizard {Gourm +Inv MP+9 Dex+2}
Stlth  ++++......               s - +6 ring of evasion
                                o - +4 ring of strength

@: blade hands, very slow, somewhat resistant to hostile enchantments, stealthy
A: see invisible, berserk 1, clumsy 1, deformed body, low mp 1, poison
resistance, slowness 2, slow metabolism 1, spit poison 2, constrict 1, AC +4
a: Spit Poison, End Transformation, Bend Time, Temporal Distortion, Slouch, Step
From Time, Renounce Religion, Evoke Invisibility


You were on level 1 of the Shoals.
You worshipped Cheibriados.
Cheibriados was exalted by your worship.
You were completely stuffed.
You had blades for hands.
You visited 4 branches of the dungeon, and saw 16 of its levels.
You also visited: Sewer and Ice Cave.

You collected 1414 gold pieces.

Inventory:

Armour
 i - the +1 cloak of Oguas (worn) {Str+2}
   (You found it on level 7 of the Dungeon)

   It affects your strength (+2).
 v - a +1 pair of gloves (melded)
 M - a +2 hat (worn)
 Q - a +1 ring mail (worn)
 W - a troll hide
 X - an ice dragon hide
Jewellery
 e - an uncursed ring of protection from cold
 h - a +6 amulet of reflection
 j - an uncursed ring of flight
 n - an uncursed ring of protection from fire
 o - a +4 ring of strength (left scythe-like blade)
 s - a +6 ring of evasion (right scythe-like blade)
 A - a +3 ring of slaying
 L - an uncursed ring of positive energy
 S - the amulet of the Lizard (around neck) {Gourm +Inv MP+9 Dex+2}
   (You found it in an ice cave)

   [amulet of the gourmand]

   It allows you to eat raw meat even when not hungry.
   It affects your dexterity (+2).
   It affects your magic capacity (+9).
   It lets you turn invisible.
 V - the ring of Rasackyo {rN+ Stlth+}
   (You found it on level 11 of the Dungeon)

   [ring of stealth]

   It protects you from negative energy.
   It makes you more stealthy.
Wands
 b - a wand of disintegration (2/24)
 g - a wand of iceblast (9/15)
 p - a wand of confusion (33/48)
 w - a wand of polymorph (14/24)
 y - a wand of lightning (8/15)
 G - a wand of polymorph (13/24)
 K - a wand of heal wounds (4/9)
 Z - a wand of acid (7/15)
Scrolls
 a - 3 scrolls of fear
 k - 2 scrolls of amnesia
 l - 3 scrolls of magic mapping
 q - 8 scrolls of fog
 F - 3 scrolls of enchant weapon
 N - 4 scrolls of remove curse
 O - 2 scrolls of identify
 U - a scroll of teleportation
 Y - 3 scrolls of blinking
Potions
 f - 6 potions of curing
 t - a potion of beneficial mutation
 u - 2 potions of flight
 x - 4 potions of might
 z - 2 potions of brilliance
 I - 3 potions of heal wounds
Books
 r - Roxanne's Almanac of Transmutation
   (You took it off Roxanne on level 1 of the Shoals)

   Spells                             Type                      Level
   a - Beastly Appendage              Transmutation                1
   b - Sticks to Snakes               Transmutation                2
   c - Spider Form                    Transmutation/Poison         3
   d - Statue Form                    Transmutation/Earth          6
   e - Hydra Form                     Transmutation                6
 P - a book of Debilitation

   Spells                             Type                      Level
   a - Corona                         Hexes                        1
   b - Slow                           Hexes                        2
   c - Gell's Gravitas                Hexes/Translocation          3
   d - Inner Flame                    Hexes/Fire                   3
   e - Cause Fear                     Hexes                        4
   f - Leda's Liquefaction            Hexes/Earth                  4
Miscellaneous
 D - a plain deck of changes
 R - a box of beasts {used: 1}
Comestibles
 c - 3 chunks of flesh
 d - 6 bread rations
 m - 12 fruits
 B - 9 meat rations
 C - 12 beef jerkies
 H - 2 royal jellies
 J - a slice of pizza


   Skills:
 + Level 6.9 Fighting
 + Level 6.4 Armour
 * Level 10.1 Dodging
 + Level 6.4 Stealth
 + Level 10.8 Unarmed Combat
 + Level 7.4 Spellcasting
 + Level 9.4 Transmutations
 + Level 0.2 Ice Magic
 + Level 1.6 Evocations


You had 16 spell levels left.
You knew the following spells:

 Your Spells              Type           Power        Failure   Level  Hunger
a - Beastly Appendage     Trmt           ######       10%         1    None
b - Blade Hands           Trmt           ######....   32%         5    ####...
c - Ice Form              Ice/Trmt       #####...     50%         4    ##.....


Dungeon Overview and Level Annotations

Branches:
Dungeon (11/15)            Temple (1/1) D:4            Lair (3/8) D:10
 Shoals (1/4) Lair:3
  Snake: Lair:3-6    Spider: Lair:3-6       Orc: D:9-12

Altars:
Ashenzari
Cheibriados
Dithmenos
Elyvilon
Fedhas
Gozag
Kikubaaqudgha
Makhleb
Nemelex Xobeh
Okawaru
Pakellas
Qazlal
Ru
Sif Muna
Trog
Vehumet
Xom
Yredelemnul
Zin
The Shining One

Shops:
D:7 =   D:9 !

Annotations:
Lair:3 arts


Innate Abilities, Weirdness & Mutations

You cannot wear boots.
Your serpentine skin is tough (AC +4).
You have supernaturally acute eyesight.
Armour fits poorly on your strangely shaped body.
Your system is resistant to poisons.
You cover ground very slowly.
You have a slow metabolism.
You can spit poison.
You can use your snake-like lower body to constrict enemies.
You tend to lose your temper in combat.
You are clumsy. (Dex -2)
Your magical capacity is low (-10% MP).


Message History

Cheibriados appreciates the change of pace.
The sea snake misses you.
The snapping turtle completely misses you.
You shred the sea snake!!!!
You kill the sea snake!
Cheibriados thoroughly appreciates the change of pace.
The snapping turtle bites you from afar!
* * * LOW HITPOINT WARNING * * *
The snapping turtle bites you!
* * * LOW HITPOINT WARNING * * *
The snapping turtle completely misses you.
The snapping turtle barely misses you.
The snapping turtle completely misses you.
The snapping turtle bites you but does no damage.
You hit the snapping turtle but do no damage.
You grab the snapping turtle.
The snapping turtle is lightly wounded.
You constrict the snapping turtle, but do no damage.
The snapping turtle bites you!
You die...

≈≈≈≈≈≈.≈≈≈≈≈≈≈≈≈≈.
#≈≈≈≈≈≈≈≈≈≈≈≈≈≈≈≈≈≈≈≈≈≈≈≈
#≈≈≈≈≈≈≈≈≈≈≈≈≈≈≈≈≈≈≈≈≈≈≈≈
#≈≈≈≈≈≈.≈≈≈≈≈≈≈≈≈≈≈≈≈≈≈≈≈
#≈≈≈≈≈≈.≈≈≈≈≈≈≈≈≈≈≈≈≈≈≈≈≈
#≈≈≈≈≈≈≈≈≈≈≈≈≈≈≈≈≈≈.≈≈≈≈≈
#≈≈≈≈≈≈≈≈≈≈≈≈≈≈≈≈≈..≈≈≈≈≈
#≈≈≈≈≈≈≈≈≈>..#..≈≈≈≈≈≈≈≈≈
#≈≈≈≈≈≈†@....##..≈.≈≈≈≈≈≈
#≈≈≈≈≈≈≈≈t≈........≈≈≈≈≈≈
#≈≈≈≈≈≈≈≈≈≈...≈≈≈≈..≈≈≈≈≈
#≈≈≈≈≈≈≈≈≈...≈≈≈≈≈.≈≈≈≈≈≈
#≈≈≈≈≈≈≈≈≈...≈≈≈≈≈≈≈≈≈≈≈.
#≈≈≈≈≈≈≈≈≈≈≈≈≈≈≈≈≈≈≈≈≈≈≈≈
#≈≈≈≈≈≈≈≈≈≈≈≈≈≈≈≈≈≈≈≈≈≈≈≈
#≈≈≈≈≈≈≈≈≈≈≈≈≈≈≈≈≈≈≈≈≈≈≈≈
#≈≈≈≈≈≈≈≈≈≈≈≈≈≈≈≈≈≈≈≈≈≈≈≈


You could see a snapping turtle.

Vanquished Creatures
  Roxanne (Shoals:1)
  2 ice dragons (IceCv)
  Fannar (D:11)
  A merfolk avatar (Shoals:1)
  A centaur warrior (D:9)
  Urug (Lair:2)
  A sea snake (Shoals:1)
  3 skeletal warriors (D:11)
  2 hill giants
  Maurice (D:8)
  2 ice statues (IceCv)
  A siren (Shoals:1)
  A manticore (D:11)
  3 centaur zombies
  3 spiny frogs (Lair:1)
  A rime drake (Lair:2)
  4 komodo dragons
  3 merfolk (Shoals:1)
  2 trolls (D:11)
  Prince Ribbit (Lair:1)
  8 blink frogs (Lair:1)
  2 boulder beetles (Lair:3)
  A snapping turtle (Shoals:1)
  17 yaks
  7 hippogriffs
  A basilisk (Lair:3)
  A soldier ant (D:10)
  A mottled dragon (D:10)
  4 water moccasins
  3 porcupines
  5 orc warriors
  24 ice beasts
  A sky beast (D:6)
  A wasp (D:11)
  A necrophage (D:7)
  A phantom (D:7)
  2 black bears
  2 eyes of draining
  5 ogres
  9 centaurs
  5 crocodiles
  A gnoll sergeant (D:7)
  15 giant frogs
  A wyvern skeleton (D:10)
  4 scorpions
  A water moccasin skeleton (D:8)
  4 killer bees (D:10)
  A howler monkey (D:9)
  4 crimson imps
  5 jellies
  3 hounds
  A quasit (D:10)
  A giant frog zombie (D:5)
  Crazy Yiuf (D:7)
  A gnoll shaman (D:10)
  9 orc priests
  9 orc wizards
  A giant frog skeleton (D:11)
  12 iguanas
  14 worker ants
  A sheep (Lair:1)
  A killer bee zombie (D:9)
  A hound zombie (D:8)
  4 hound skeletons
  A howler monkey zombie (D:5)
  Robin (D:3)
  16 adders
  2 howler monkey skeletons
  12 gnolls
  35 river rats
  4 shadow imps
  2 oozes
  2 adder skeletons
  An adder zombie (D:7)
  6 worms
  4 dart slugs
  10 giant geckos
  40 orcs
  7 giant cockroaches
  21 goblins
  10 hobgoblins
  16 jackals
  6 kobolds
  5 quokkas
  17 ball pythons
  7 bats
  3 giant gecko skeletons
  A giant gecko zombie (D:5)
  8 giant newts
  A quokka skeleton (D:4)
  A quokka zombie (D:6)
  36 rats
  A plant (Lair:3)
507 creatures vanquished.

Vanquished Creatures (others)
  A centaur (D:11)
  A kobold (D:3)
  2 fungi (Lair:3)
  A plant (Shoals:1)
5 creatures vanquished.

Grand Total: 512 creatures vanquished

Notes
Turn   | Place    | Note
--------------------------------------------------------------
     0 | D:1      | Nordron the Naga Transmuter began the quest for the Orb.
     0 | D:1      | Reached XP level 1. HP: 18/18 MP: 3/3
   184 | D:1      | Reached XP level 2. HP: 22/25 MP: 3/5
   645 | D:1      | Reached XP level 3. HP: 31/31 MP: 4/6
  1844 | D:2      | Found an iron altar of Okawaru.
  1949 | D:2      | Reached XP level 4. HP: 32/38 MP: 5/7
  2707 | D:3      | Found a faded altar to an unknown god.
  2752 | D:3      | Reached skill level 1 in Armour
  2760 | D:3      | Noticed Robin
  2776 | D:3      | Reached XP level 5. HP: 23/44 MP: 6/8
  2791 | D:3      | Killed Robin
  3743 | D:4      | HP: 2/44 [poisoned by a worker ant]
  3751 | D:4      | HP: 2/44 [poisoned by a worker ant]
  4080 | D:4      | Reached XP level 6. HP: 20/51 MP: 8/10
  4592 | D:4      | Got a steaming dagger
  4673 | D:4      | HP: 2/52 [adder (4)]
  4891 | D:4      | Reached XP level 7. HP: 28/60 MP: 9/11
  5148 | D:4      | Found a staircase to the Ecumenical Temple.
  5164 | D:4      | HP: 3/60 [jackal (1)]
  5849 | Temple   | Entered the Ecumenical Temple
  5869 | Temple   | Became a worshipper of Cheibriados the Contemplative
  6188 | D:5      | Entered Level 5 of the Dungeon
  6203 | D:5      | Gained mutation: You are covered in fur (AC +1). [potion of beneficial mutation]
  6332 | D:5      | Reached skill level 5 in Unarmed Combat
  6817 | D:5      | Reached * piety under Cheibriados
  6854 | D:5      | Reached XP level 8. HP: 6/68 MP: 10/13
  7307 | D:6      | Found a glowing drain.
  7319 | Sewer    | Entered a sewer
  7396 | Sewer    | Reached ** piety under Cheibriados
  7701 | Sewer    | Reached *** piety under Cheibriados
  7775 | Sewer    | Reached skill level 1 in Stealth
  8153 | D:6      | Found a burning altar of Makhleb.
  8428 | D:6      | Reached skill level 5 in Transmutations
  8467 | D:7      | Reached **** piety under Cheibriados
  8542 | D:7      | Reached XP level 9. HP: 74/75 MP: 15/15
  8838 | D:7      | Found Hiahilos's Jewellery Boutique.
  8849 | D:7      | Reached ***** piety under Cheibriados
  9030 | D:7      | Got a fine cloak
  9042 | D:7      | Identified the +1 cloak of Oguas {Str+2} (You found it on level 7 of the Dungeon)
  9053 | D:7      | Noticed Crazy Yiuf
  9060 | D:7      | Killed Crazy Yiuf
  9227 | D:8      | Found a glowing golden altar of the Shining One.
  9251 | D:8      | Reached skill level 5 in Dodging
  9307 | D:8      | Found an ancient bone altar of Kikubaaqudgha.
  9577 | D:8      | Noticed Maurice
  9594 | D:8      | Killed Maurice
  9719 | D:8      | Reached XP level 10. HP: 85/85 MP: 15/17
  9726 | D:8      | Reached skill level 5 in Spellcasting
 10115 | D:9      | Noticed a centaur warrior
 10119 | D:9      | Killed a centaur warrior
 10126 | D:9      | Learned a level 5 spell: Blade Hands
 10213 | D:9      | Found Anler's Distillery.
 10268 | D:9      | Lost mutation: You are covered in fur (AC +1). [potion of cure mutation]
 10312 | D:9      | Identified the +5 dagger of Equivalence {elec, +Rage rElec} (You found it on level 4 of the Dungeon)
 10941 | D:9      | Found a blossoming altar of Fedhas.
 10944 | D:9      | Found a shimmering altar of Xom.
 10947 | D:9      | Found a sacrificial altar of Ru.
 10964 | D:10     | Entered Level 10 of the Dungeon
 11011 | D:10     | Noticed a hill giant
 11015 | D:10     | Killed a hill giant
 11076 | D:10     | Reached ****** piety under Cheibriados
 11130 | D:10     | Reached XP level 11. HP: 62/93 MP: 13/19
 11835 | D:10     | Found a staircase to the Lair.
 11914 | D:11     | Got a fine turquoise ring
 11945 | D:11     | Noticed Fannar
 11951 | D:11     | Killed Fannar
 11969 | D:11     | Identified the ring of Rasackyo {rN+ Stlth+} (You found it on level 11 of the Dungeon)
 11975 | D:11     | Learned a level 4 spell: Ice Form
 12048 | D:11     | Reached skill level 5 in Armour
 12225 | D:11     | Found a sparkling altar of Nemelex Xobeh.
 12331 | D:11     | Noticed a skeletal warrior
 12338 | D:11     | Noticed a skeletal warrior
 12338 | D:11     | Noticed a skeletal warrior
 12340 | D:11     | Killed a skeletal warrior
 12345 | D:11     | Killed a skeletal warrior
 12345 | D:11     | Reached skill level 5 in Fighting
 12350 | D:11     | Killed a skeletal warrior
 12395 | D:11     | Noticed a hill giant
 12402 | D:11     | Noticed a manticore
 12439 | D:11     | Killed a hill giant
 13349 | D:11     | Killed a manticore
 13484 | Lair:1   | Entered Level 1 of the Lair of Beasts
 13543 | Lair:1   | Noticed Prince Ribbit
 13547 | Lair:1   | Reached skill level 5 in Stealth
 13550 | Lair:1   | Killed Prince Ribbit
 13554 | Lair:1   | Reached XP level 12. HP: 45/103 MP: 16/21
 13792 | Lair:1   | Gained mutation: You tend to lose your temper in combat. [potion of mutation]
 13792 | Lair:1   | Gained mutation: Your magical capacity is low (-10% MP). [potion of mutation]
 13792 | Lair:1   | Gained mutation: You are clumsy. (Dex -2) [potion of mutation]
 13898 | Lair:1   | Got a crude war axe
 13899 | Lair:1   | Identified the +6 war axe "Zazaps" {antimagic, rC++ MR- Int+5} (You found it on level 1 of the Lair of Beasts)
 14455 | Lair:2   | Found a frozen archway.
 14499 | IceCv    | Entered an ice cave
 14509 | IceCv    | Reached skill level 10 in Unarmed Combat
 14598 | IceCv    | Noticed an ice dragon
 14684 | IceCv    | Noticed an ice dragon
 14695 | IceCv    | Killed an ice dragon
 14840 | IceCv    | Killed an ice dragon
 14876 | IceCv    | Got a twitching graven amulet
 14882 | IceCv    | Identified the amulet of the Lizard {Gourm +Inv MP+9 Dex+2} (You found it in an ice cave)
 15397 | Lair:2   | Found a sparkling altar of Nemelex Xobeh.
 15411 | Lair:2   | Reached skill level 1 in Evocations
 15758 | Lair:2   | Noticed Urug
 15775 | Lair:2   | Killed Urug
 15775 | Lair:2   | Gained mutation: You can use your snake-like lower body to constrict enemies. [Naga growth]
 15775 | Lair:2   | Reached XP level 13. HP: 93/112 MP: 21/21
 16075 | Lair:3   | Found a staircase to the Shoals.
 16766 | Shoals:1 | Entered Level 1 of the Shoals
 16916 | Shoals:1 | Noticed Roxanne
 16973 | Shoals:1 | Killed Roxanne
 16973 | Shoals:1 | Reached skill level 10 in Dodging
 16975 | Shoals:1 | Identified Roxanne's Almanac of Transmutation (You took it off Roxanne on level 1 of the Shoals)
 17083 | Shoals:1 | Slain by a snapping turtle

Skill      XL: |  1  2  3  4  5  6  7  8  9 10 11 12 13 |
---------------+----------------------------------------+-----
Dodging        | 2 3 4 5 6 7 9 10 | 10.1
Armour         | 1 2 3 4 5 6 |  6.4
Transmutations | 3 4 5 6 7 8 9 |  9.4
Unarmed Combat | 4 5 6 7 8 9 10 | 10.8
Spellcasting   | 3 4 5 6 7 |  7.4
Fighting       | 2 3 4 5 6 |  6.9
Stealth        | 1 3 5 6 |  6.4
Evocations     | 1 |  1.6
Ice Magic      | |  0.2

Action                   |  1- 3 |  4- 6 |  7- 9 | 10-12 | 13-15 || total
-------------------------+-------+-------+-------+-------+-------++-------
Melee: Unarmed           |   144 |   324 |   522 |   472 |   161 ||  1623
       Headbutt          |    11 |    36 |   136 |   112 |    53 ||   348
       Punch             |     2 |     2 |    17 |    31 |    18 ||    70
       Constrict         |       |       |       |       |    38 ||    38
 Cast: Beastly Appendage |    23 |    56 |   107 |    40 |    17 ||   243
       Blade Hands       |       |       |       |    15 |     3 ||    18
       Ice Form          |       |       |       |     2 |       ||     2
Evoke: Wand              |       |       |     3 |    16 |     3 ||    22
       Box of beasts     |       |       |       |     1 |       ||     1
  Use: Scroll            |       |     5 |     7 |    16 |     1 ||    29
       Potion            |       |       |     7 |     6 |     2 ||    15
 Stab: Sleeping          |       |       |     1 |     4 |     2 ||     7
       Distracted        |       |       |       |     2 |       ||     2
  Eat: Chunk             |     2 |     9 |    12 |    28 |     5 ||    56
       Bread ration      |       |       |       |     1 |       ||     1
Armor: Robe              |     4 |       |       |       |       ||     4
       Ring mail         |    42 |    65 |   154 |   125 |    23 ||   409
Dodge: Dodged            |    64 |   105 |   279 |   422 |   187 ||  1057
Block: Other             |       |    62 |   159 |   153 |       ||   374
       Reflection        |       |     3 |     3 |    15 |       ||    21
